 Dungeon Crawl Stone Soup version 0.20.1-1-g8b1a95d (webtiles) character file.

216 lorenzova the Conjurer (level 5, -1/28 HPs)
             Began as a Deep Elf Conjurer on Nov 7, 2017.
             Slain by Eustachio
             ... wielding a +0 falchion
              (2 damage)
             ... on level 4 of the Dungeon.
             The game lasted 00:08:00 (3403 turns).

lorenzova the Conjurer (Deep Elf Conjurer)          Turns: 3403, Time: 00:08:01

Health: -1/28      AC:  2    Str:  5    XL:     5   Next: 61%
Magic:  1/15       EV: 13    Int: 21    God:
Gold:   187        SH:  0    Dex: 15    Spells: 9/16 levels left

rFire    . . .     SeeInvis .   p - +1 flail (protect)
rCold    . . .     Gourm    .   (no shield)
rNeg     . . .     Faith    .   u - +0 robe (curse)
rPois    +         Spirit   .   (no helmet)
rElec    .         Reflect  .   (no cloak)
rCorr    .         Harm     .   (no gloves)
MR       .....                  (no boots)
Stlth    ++........             (no amulet)
Regen    0.1/turn               r - ring of poison resistance
MPRegen  0.2/turn               (no ring)

@: very slightly contaminated
A: no striking features
a: no special abilities


You were on level 4 of the Dungeon.
You were very hungry.

You visited 1 branch of the dungeon, and saw 4 of its levels.

You collected 187 gold pieces.

Inventory:

Hand Weapons
 e - a +0 mace of holy wrath
 p - a +1 flail of protection (weapon)
Armour
 a - a +0 robe
 u - a cursed +0 robe (worn)
Jewellery
 r - a ring of poison resistance (left hand)
Wands
 n - a wand of acid (12/15)
Scrolls
 f - a scroll of magic mapping {unknown}
 g - 4 scrolls of identify {unknown}
 j - 3 scrolls of teleportation {unknown}
 k - a scroll of recharging {unknown}
 m - a scroll of remove curse {unknown}
 t - a scroll of amnesia {unknown}
Potions
 d - a potion of curing {unknown}
 i - a potion of mutation {unknown}
 q - 2 potions of ambrosia {unknown}
 s - a potion of resistance {unknown}
 v - 2 potions of magic {unknown}
Books
 b - a book of Conjurations

   Spells                             Type                      Level
   a - Magic Dart                     Conjuration                  1
   b - Searing Ray                    Conjuration                  2
   c - Dazzling Spray                 Conjuration/Hexes            3
   d - Fulminant Prism                Conjuration/Hexes            4
   e - Force Lance                    Conjuration/Translocation    4
   f - Iskenderun's Mystic Blast      Conjuration                  4
 l - a book of Cantrips

   Spells                             Type                      Level
   a - Confusing Touch                Hexes                        1
   b - Animate Skeleton               Necromancy                   1
   c - Summon Small Mammal            Summoning                    1
   d - Apportation                    Translocation                1
Comestibles
 c - 3 bread rations
 h - a royal jelly
 o - 2 fruits
 w - a meat ration


   Skills:
 - Level 2.4 Dodging
 - Level 2.4 Stealth
 + Level 6.1 Spellcasting
 + Level 6.1 Conjurations


You had 9 spell levels left.
You knew the following spells:

 Your Spells              Type           Power        Failure   Level  Hunger
a - Magic Dart            Conj           ####         1%          1    None
b - Searing Ray           Conj           ####..       1%          2    None
c - Iskenderun's Mystic   Conj           ####....     8%          4    ####...


Dungeon Overview and Level Annotations

Branches:
Dungeon (4/15)
 Temple: D:4-7

Altars:

Annotations:
D:4 Eustachio


Message History

The magic dart hits Eustachio.
Eustachio is heavily wounded.
Eustachio barely misses you.
Casting: Magic Dart
Confirm with . or Enter, or press ? or * to list all spells.
Aiming: Magic Dart
Press: ? - help, Shift-Dir - straight line, f/p - Eustachio
Aim: Eustachio, wielding a falchion and wearing a leather armour (heavily wounded)
The magic dart hits Eustachio.
Eustachio is heavily wounded.
Eustachio closely misses you.
Casting: Magic Dart
Confirm with . or Enter, or press ? or * to list all spells.
Aiming: Magic Dart
Press: ? - help, Shift-Dir - straight line, f/p - Eustachio
Aim: Eustachio, wielding a falchion and wearing a leather armour (heavily wounded)
The magic dart hits Eustachio.
Eustachio is severely wounded.
Eustachio hits you with a falchion.
You die...

#.#.#
#.#.########
#...........
###.########
#.# #.# #r#
#@# #@# ###


You could see Eustachio and a rat.

Vanquished Creatures
  A howler monkey (D:4)
  3 gnolls (D:3)
  7 adders
  2 worms (D:2)
  4 dart slugs
  4 leopard geckos
  4 orcs
  A giant cockroach (D:1)
  5 goblins
  7 hobgoblins
  4 jackals (D:3)
  8 kobolds
  4 quokkas
  2 ball pythons
  5 bats
  3 frilled lizards
  3 rats
67 creatures vanquished.

Notes
Turn   | Place    | Note
-------+----------+-------------------------------------------
     0 | D:1      | lorenzova the Deep Elf Conjurer began the quest for the Orb.
     0 | D:1      | Reached XP level 1. HP: 10/10 MP: 6/6
   212 | D:1      | Reached XP level 2. HP: 14/15 MP: 5/8
   216 | D:1      | Learned a level 2 spell: Searing Ray
   742 | D:1      | Reached XP level 3. HP: 19/19 MP: 4/10
   765 | D:1      | Reached skill level 5 in Conjurations
  1619 | D:2      | Reached XP level 4. HP: 24/24 MP: 7/12
  1660 | D:2      | Learned a level 4 spell: Iskenderun's Mystic Blast
  1830 | D:3      | Reached skill level 5 in Spellcasting
  2898 | D:3      | Reached XP level 5. HP: 28/28 MP: 9/15
  3285 | D:4      | Noticed Eustachio
  3400 | D:4      | HP: 1/28 [Eustachio/falchion (4)]
  3403 | D:4      | Slain by Eustachio

Skill      XL: |  1  2  3  4  5 |
---------------+----------------+-----
Spellcasting   | 4 5 6 |  6.1
Conjurations   | 5 6 |  6.1
Dodging        | |  2.4
Stealth        | |  2.4

Action                   |  1- 3 |  4- 6 || total
-------------------------+-------+-------++-------
Melee: Mace              |     6 |     1 ||     7
       Flail             |       |    10 ||    10
 Cast: Magic Dart        |    83 |    77 ||   160
       Searing Ray       |       |     1 ||     1
       Iskenderun's Myst |       |     4 ||     4
 Stab: Sleeping          |       |     1 ||     1
  Eat: Chunk             |     1 |     6 ||     7
Armor: Robe              |     3 |     2 ||     5
Dodge: Dodged            |    11 |    28 ||    39
